 Dungeon Sprint DCSS version 0.21.2 (webtiles) character file.

983 Fang the Fighter (level 8, -6/90 HPs)
             Began as a Gargoyle Berserker on Sept 27, 2018.
             Was a High Priest of Trog.
             Mangled by an ice devil (9 damage)
             ... in the Dungeon (Sprint VII: "The Pits").
             The game lasted 00:02:13 (758 turns).

Fang the Fighter (Gargoyle Berserker)                Turns: 758, Time: 00:02:14

Health: -6/90      AC: 18    Str: 30    XL:     8   Next: 17%
Magic:  8/8        EV: 11    Int:  9    God:    Trog [*****.]
Gold:   0          SH:  0    Dex: 12    Spells: 7/7 levels left

rFire    . . .     SeeInvis .   o - +3 battleaxe (chop)
rCold    . . .     Gourm    .   (shield currently unavailable)
rNeg     + . .     Faith    .   n - +3 chain mail
rPois    ∞         Spirit   .   (no helmet)
rElec    +         Reflect  .   (no cloak)
rCorr    .         Harm     .   (no gloves)
MR       .....     NoTele   +   (no boots)
Stlth    ..........             (no amulet)
HPRegen  0.25/turn              p - +3 ring of strength
MPRegen  0.11/turn              r - +3 ring of dexterity

@: berserking, very quick
A: negative energy resistance 1, electricity resistance, unbreathing,
petrification resistance, rot immunity, AC +5
a: Berserk, Trog's Hand, Brothers in Arms, Burn Spellbooks, Renounce Religion


You were in the Dungeon.
You worshipped Trog.
Trog was extremely pleased with you.
You were very hungry.

You visited 1 branch

Inventory:

Hand Weapons
 j - a +2 hand axe
 m - a +2 hand axe of chopping
 o - a +3 battleaxe of chopping (weapon)
 s - a +2 war axe of freezing
Armour
 n - a +3 chain mail (worn)
Jewellery
 p - a +3 ring of strength (left hand)
 r - a +3 ring of dexterity (right hand)
Scrolls
 i - a scroll of blinking
 k - 3 scrolls of remove curse
 l - a scroll of summoning
Potions
 a - 2 potions of invisibility
 d - 6 potions of curing
 e - 14 potions of heal wounds
 f - 4 potions of haste
 g - 4 potions of magic
 h - 3 potions of berserk rage
 q - a potion of might
Comestibles
 c - 9 rations


   Skills:
 + Level 11.1 Fighting
 + Level 11.0 Axes
 + Level 6.4 Armour
 + Level 5.5 Dodging
 + Level 1.3 Stealth


You had 7 spell levels left.
You didn't know any spells.

Dungeon Overview and Level Annotations

Branches:
Dungeon (1/1)

Altars:
Ashenzari
Cheibriados
Dithmenos
Elyvilon
Fedhas
Gozag
Hepliaklqana
Kikubaaqudgha
Makhleb
Nemelex Xobeh
Okawaru
Qazlal
Ru
Sif Muna
Trog
Uskayaw
Vehumet
Wu Jian
Xom
Yredelemnul
Zin
The Shining One
Beogh
Jiyva
Lugonu


Innate Abilities, Weirdness & Mutations

You are resistant to torment.
Your stone body is resilient. (AC +5)
You are immune to poison.
You resist negative energy. (rN+)
You are resistant to electric shocks. (rElec)
You can survive without breathing.
You are immune to petrification.
You are immune to rotting.


Message History

You closely miss the small abomination.
The small abomination is heavily damaged.
You slice the ice devil!!
The small abomination closely misses you.
The ice devil closely misses you.
You hit the ice devil but do no damage.
The ice devil is almost dead.
You hit the small abomination but do no damage.
The small abomination hits you but does no damage.
The ice devil hits you. The ice devil freezes you!!
* * * LOW HITPOINT WARNING * * *
The small abomination hits you!
* * * LOW HITPOINT WARNING * * *
You are too injured to fight recklessly!
Unknown command.
A red film seems to cover your vision as you go berserk!
You feel yourself moving faster!
You feel mighty!
You are feeling very hungry.
The ice devil hits you!
You die...

....'................+
#####......#..#......#
#..##................#
#.)#####'#####''######
#))##.......##''#
#))##.......##..##
#[[##.......##...##
#'###...<...###...##+##.
...##.......# ##@.......
...##.......# #4x###+###
#####.......##..##
#..###########..
#.############..
#)#....#..[[###.
#'#....#..[[# ##
#)'....'...)#
#(#)...#..))#


You could see an ice devil and a small abomination.

Vanquished Creatures
  A naga mage (D)
  2 floating eyes (D)
  A water moccasin (D)
  A phantom (D)
  An eye of draining (D)
  A bullfrog (D)
  A quasit (D)
  A jelly (D)
  A worker ant (D)
  3 gnolls (D)
  An adder (D)
  A white imp (D)
  An ufetubus (D)
  An ooze (D)
  A leopard gecko (D)
  2 orcs (D)
  A ball python (D)
  A bat zombie (D)
  2 hobgoblins (D)
  A goblin (D)
  A rat (D)
26 creatures vanquished.

Notes
Turn   | Place    | Note
-------+----------+-------------------------------------------
     0 | D        | Fang the Gargoyle Berserker began the quest for the Orb.
     0 | D        | Reached XP level 1. HP: 14/14 MP: 1/1
    11 | D        | Noticed a floating eye
    13 | D        | Paralysed by a floating eye for 4 turns
    19 | D        | Killed a floating eye
    19 | D        | Reached skill level 5 in Axes
    19 | D        | Reached XP level 2. HP: 23/23 MP: 2/2
    19 | D        | Reached XP level 3. HP: 28/28 MP: 3/3
    19 | D        | Reached XP level 4. HP: 32/32 MP: 4/4
    24 | D        | Found a bloodstained altar of Trog.
    24 | D        | Found a deep blue altar of Sif Muna.
    24 | D        | Found a viscous altar of Jiyva.
    24 | D        | Found a hazy altar of Hepliaklqana.
    24 | D        | Found an opulent altar of Gozag.
    25 | D        | Found a glowing golden altar of the Shining One.
    25 | D        | Found a glowing silver altar of Zin.
    25 | D        | Found a basalt altar of Yredelemnul.
    25 | D        | Found a shimmering altar of Xom.
    25 | D        | Found an ornate altar of the Wu Jian Council.
    25 | D        | Found a sacrificial altar of Ru.
    25 | D        | Found a stormy altar of Qazlal.
    25 | D        | Found an iron altar of Okawaru.
    25 | D        | Found a sparkling altar of Nemelex Xobeh.
    25 | D        | Found a burning altar of Makhleb.
    25 | D        | Found a blossoming altar of Fedhas.
    25 | D        | Found a white marble altar of Elyvilon.
    25 | D        | Found a shadowy altar of Dithmenos.
    25 | D        | Found a snail-covered altar of Cheibriados.
    27 | D        | Found a radiant altar of Vehumet.
    27 | D        | Found a corrupted altar of Lugonu.
    27 | D        | Found a roughly hewn altar of Beogh.
    68 | D        | Noticed a floating eye
    74 | D        | Paralysed by a floating eye for 3 turns
    77 | D        | Killed a floating eye
    77 | D        | Reached ** piety under Trog
    77 | D        | Reached XP level 5. HP: 40/40 MP: 5/5
   108 | D        | Reached *** piety under Trog
   112 | D        | Reached XP level 6. HP: 36/45 MP: 6/6
   239 | D        | Noticed a water moccasin
   242 | D        | Reached **** piety under Trog
   248 | D        | Killed a water moccasin
   248 | D        | Reached skill level 5 in Armour
   299 | D        | Reached ***** piety under Trog
   319 | D        | Reached skill level 10 in Fighting
   319 | D        | Reached XP level 7. HP: 52/52 MP: 7/7
   322 | D        | Noticed a naga mage
   334 | D        | Killed a naga mage
   334 | D        | Received a gift from Trog
   334 | D        | Reached skill level 10 in Axes
   334 | D        | Reached skill level 5 in Dodging
   334 | D        | Reached skill level 1 in Stealth
   491 | D        | Reached XP level 8. HP: 59/59 MP: 8/8
   494 | D        | Received a gift from Trog
   724 | D        | Found a hide-covered altar of Uskayaw.
   724 | D        | Found an ancient bone altar of Kikubaaqudgha.
   724 | D        | Found a shattered altar of Ashenzari.
   750 | D        | Noticed an ice devil
   757 | D        | HP: 2/60 [small abomination (10)]
   758 | D        | Mangled by an ice devil

Skill      XL: |  1  2  3  4  5  6  7  8 |
---------------+-------------------------+-----
Fighting       | 6 8 10 11 | 11.1
Axes           | 5 7 9 10 11 | 11.0
Armour         | 3 4 5 6 |  6.4
Dodging        | 2 3 4 5 |  5.5
Stealth        | 1 |  1.3

Action                   |  1- 3 |  4- 6 |  7- 9 || total
-------------------------+-------+-------+-------++-------
Melee: Hand axe          |     4 |    38 |    17 ||    59
       Battleaxe         |       |       |    12 ||    12
Invok: Berserk           |       |     1 |     4 ||     5
  Eat: Chunk             |       |       |     3 ||     3
Armor: Animal skin       |       |    16 |       ||    16
       Chain mail        |       |    15 |    13 ||    28
Dodge: Dodged            |       |    34 |    12 ||    46
